 Dungeon Crawl Stone Soup version 0.31.0-11-ge490571c62 (webtiles) character file.

Game seed: 6159642055039214539

354 browni3141 the Chopper (level 6, -3/49 (56) HPs)
             Began as a Minotaur Fighter on Jan 28, 2024.
             Slain by a gnoll sergeant
             ... wielding a +0 spear
              (9 damage)
             ... on level 3 of the Dungeon.
             The game lasted 00:01:20 (2049 turns).

browni3141 the Chopper (Minotaur Fighter)           Turns: 2049, Time: 00:01:21

HP:   -3/49 (56)    AC: 12    Str: 23    XL:     6   Next: 35%
MP:   5/5           EV:  6    Int: 11    God:
Gold: 144           SH:  4    Dex:  9    Spells: 5/5 levels left

rFire   . . .        a - +0 war axe
rCold   . . .        c - +0 buckler
rNeg    . . .        m - +0 plate armour
rPois   .            (helmet restricted)
rElec   .            (no cloak)
rCorr   .            (no gloves)
SInv    .            (no boots)
Will    .....        (no amulet) Stlth
                     l - +6 ring of intelligence
HPRegen 0.28/turn    (no ring)
MPRegen 0.09/turn

%: no passive effects
@: heavily drained
A: horns 2, retaliatory headbutt
a: no special abilities


You were on level 3 of the Dungeon.
You visited 1 branch of the dungeon, and saw 3 of its levels.

You collected 144 gold pieces.

Inventory:

Hand Weapons
 a - a +0 war axe (weapon)
Armour
 b - a +0 scale mail
 c - a +0 buckler (worn)
 m - a +0 plate armour (worn)
Jewellery
 l - a +6 ring of intelligence (left hand)
 r - a +6 ring of strength
Scrolls
 d - a scroll of teleportation {unknown}
 e - 2 scrolls of identify {unknown}
 i - a scroll of fog {unknown}
 j - 2 scrolls of poison {unknown}
 p - 3 scrolls of amnesia {unknown}
 q - a scroll of fear {unknown}
 s - a scroll of silence {unknown}
Potions
 f - a potion of lignification
 h - a potion of ambrosia
 k - a potion of curing
 n - a potion of heal wounds {unknown}
 o - a potion of attraction {unknown}


   Skills:
 + Level 5.0 Fighting
 * Level 5.5 Axes
 + Level 5.0 Armour
 + Level 5.0 Shields


You had 5 spell levels left.
You didn't know any spells.
Your spell library contained the following spells:

 Spells                   Type           Power      Damage    Failure   Level
 Slow                     Hex            0%         N/A       100%        1
 Confusing Touch          Hex            0%         N/A       100%        3
 Sigil of Binding         Hex            0%         N/A       100%        3
 Vampiric Draining        Necr           0%         2d6       100%        3


Dungeon Overview and Level Annotations

Branches:
Dungeon (3/15)

Altars:
Gozag


Innate Abilities, Weirdness & Mutations

You have a pair of horns on your head.
You reflexively headbutt those who attack you in melee.


Message History

The orc hits you with a +1 hand axe of draining.
You feel drained.
The orc priest calls upon Beogh to heal the orc.
The orc's wounds heal themselves!
The gnoll hits you but does no damage.
You completely miss the gnoll.
The gnoll is severely wounded.
You hit the orc. You barely miss the orc.
You hit the orc priest but do no damage.
The orc hits you with a +0 dagger. The orc priest barely misses you.
You furiously retaliate!
You headbutt the orc priest!
The gnoll sergeant hits you but does no damage.
The gnoll hits you but does no damage.
The orc hits you with a +1 hand axe of draining.
You feel drained.
The orc priest mumbles some strange prayers to Beogh against you.
Pain shoots through your body! The gnoll hits you with a +0 whip.
The orc hits you but does no damage.
You feel drained. You block the gnoll sergeant's attack.
You block the orc's attack.
You barely miss the gnoll.
The gnoll is severely wounded.
You hit the orc but do no damage. You completely miss the orc priest.
You barely miss the orc. The gnoll hits you with a +0 whip.
The orc hits you but does no damage.
The orc priest mumbles some strange prayers to Beogh against you.
You barely resist.
The orc hits you with a +1 hand axe of draining.
You feel drained.
The gnoll sergeant hits you from afar with a +0 spear.
You slash the gnoll!
You kill the gnoll!
You hit the orc.
You hit the orc priest but do no damage.
You slash the orc!
You kill the orc!
The orc priest mumbles some strange prayers to Beogh against you.
Beogh smites you!
The gnoll sergeant hits you but does no damage.
The orc hits you but does no damage.
You feel drained.
Your Fighting skill increases to level 5!
You hit the orc priest.
The orc priest is almost dead.
You barely miss the orc. You hit the gnoll. The orc priest barely misses you.
The gnoll sergeant hits you but does no damage.
The orc completely misses you. You block the orc's attack.
You block the orc priest's attack. The gnoll hits you with a +0 whip.
The gnoll sergeant hits you from afar with a +0 spear.
The gnoll attacks as it pursues you! The gnoll hits you but does no damage.
It was a potion of lignification.
You turn into a tree.
Your +0 plate armour melds into your body.
Your roots penetrate the ground.
You block the orc's attack.
It was a potion of ambrosia.
You are confused.
You feel invigorated. The gnoll barely misses you.
The gnoll sergeant hits you but does no damage.
The orc priest looks braver for a moment.
The orc hits you with a +1 hand axe of draining.
You feel drained.
It was a potion of curing.
You feel better.
You feel less invigorated. You block the gnoll's attack.
The gnoll sergeant hits you but does no damage.
You block the orc's attack.
You barely miss the gnoll.
The gnoll is heavily wounded.
You completely miss the orc. The gnoll completely misses you.
The gnoll sergeant hits you from afar with a +0 spear.
The orc priest calls upon Beogh to heal the orc.
The orc's wounds heal themselves!
The gnoll sergeant hits you but does no damage.
The gnoll hits you but does no damage.
You slash the gnoll!
You kill the gnoll!
You barely miss the orc.
The orc hits you with a +1 hand axe of draining.
You feel drained.
The gnoll sergeant hits you but does no damage.
You slash the orc priest!
You kill the orc priest!
You slash the orc!
You kill the orc!
The gnoll sergeant hits you from afar with a +0 spear.
Your Armour skill increases to level 5!
Your Shields skill increases to level 5!
You cannot move.
A gnoll sergeant is nearby!
A gnoll sergeant is nearby!
You cannot move.
You cannot move.
It was a potion of cancellation.
Your magical effects are unravelling.
You feel magically purged.
You feel less wooden.
Your +0 plate armour unmelds from your body.
You block the gnoll sergeant's attack.
Okay, then.
The gnoll sergeant hits you with a +0 spear.
You see here a +0 hand axe.
The gnoll sergeant blocks your attack.
The gnoll sergeant hits you but does no damage.
The gnoll sergeant hits you with a +0 spear!
You die...

≈≈≈≈≈≈≈~....~≈~~≈
~≈≈~~~≈~....≈≈~~~
.................
########''''#####
#....# #....#
#....#
+#######.)..#
....?..#@)..#
......)g....+
......))....+
.......#8..8#
#############


You could see a gnoll sergeant.

Vanquished Creatures
  Sigmund (D:3)
  An orc priest (D:3)
  Natasha (D:3)
  5 gnolls (D:3)
  2 adders
  A dart slug (D:3)
  2 ribbon worms (D:2)
  3 orcs (D:3)
  10 ball pythons
  A bat (D:2)
  10 endoplasms
  3 giant cockroaches
  A goblin (D:2)
  6 hobgoblins
  4 jackals (D:3)
  5 kobolds
  2 quokkas (D:1)
  2 frilled lizards (D:3)
  2 rats (D:2)
62 creatures vanquished.

Notes
Turn   | Place    | Note
-------+----------+-------------------------------------------
     0 | D:1      | browni3141 the Minotaur Fighter began the quest for the
                  | Orb.
     0 | D:1      | Reached XP level 1. HP: 19/19 MP: 0/0
   138 | D:1      | Reached XP level 2. HP: 27/27 MP: 1/1
   891 | D:2      | Reached XP level 3. HP: 33/33 MP: 2/2
  1381 | D:3      | Noticed Natasha
  1387 | D:3      | Killed Natasha
  1388 | D:3      | Reached XP level 4. HP: 40/40 MP: 3/3
  1389 | D:3      | Noticed Sigmund
  1397 | D:3      | Killed Sigmund
  1398 | D:3      | Reached skill level 5 in Axes
  1398 | D:3      | Reached XP level 5. HP: 41/47 MP: 4/4
  1501 | D:3      | Found an opulent altar of Gozag.
  1771 | D:3      | Reached XP level 6. HP: 54/55 MP: 5/5
  2038 | D:3      | Reached skill level 5 in Fighting
  2047 | D:3      | Reached skill level 5 in Armour
  2047 | D:3      | Reached skill level 5 in Shields
  2049 | D:3      | Slain by a gnoll sergeant

Illustrated notes

Levels and vault maps discovered:
D:1:      minmay_arrival_statue_studded, layout_loops_ring
D:2:      layout_rooms, serial_bayou_ford_a, kennysheep_generic_room_2
D:3:      lemuel_castle_with_subvaults [lemuel_castle_interior_carwin_2],
          layout_basic, nicolae_gozag_seed_capital, serial_park_tiny_pond,
          nicolae_concentric_dashed_squares_mild, minmay_splitting_lines,
          saegor_snake_ambush, uniq_sigmund, uniq_natasha

Skill      XL: |  1  2  3  4  5  6 |
---------------+-------------------+-----
Axes           | 3 5 |  5.5
Armour         | 4 5 |  5.0
Fighting       | 4 5 |  5.0
Shields        | 4 5 |  5.0

Action                     |  1- 3 |  4- 6 || total
---------------------------+-------+-------++-------
  Melee: War axe           |    86 |    52 ||   138
         Headbutt          |    10 |     3 ||    13
    Use: Potion            |       |     5 ||     5
 Armour: Scale mail        |    29 |       ||    29
         Plate armour      |    36 |    61 ||    97
         Skin              |       |     9 ||     9
  Dodge: Dodged            |    32 |    26 ||    58
  Block: Buckler           |    22 |    19 ||    41
